 Dungeon Crawl Stone Soup version 0.25-a0-697-g890751e744 (webtiles) character file.

Game seed: 14889215415672486936, levelgen mode: deterministic

1178 BeastOfSaturn the Carver (level 8, -2/62 HPs)
             Began as a Minotaur Warper on Mar 31, 2020.
             Was an Initiate of Ashenzari.
             Killed by divine providence
             ... invoked by an orc priest
              (15 damage)
             ... on level 6 of the Dungeon on Apr 1, 2020.
             The game lasted 00:15:58 (6827 turns).

BeastOfSaturn the Carver (Minotaur Warper)          Turns: 6827, Time: 00:15:59

Health: -2/62      AC:  8    Str: 17    XL:     8   Next: 18%
Magic:  9/9        EV: 11    Int: 12    God:    Ashenzari [......]
Gold:   327        SH:  0    Dex:  9    Spells: 7/9 levels left

rFire    . . .     SeeInvis .   a - +0 falchion
rCold    . . .     Gourm    +   (no shield)
rNeg     . . .     Faith    .   o - +0 ring mail
rPois    .         Spirit   .   (helmet restricted)
rElec    .         Reflect  .   (no cloak)
rCorr    +         Harm     .   A - +0 pair of gloves
MR       .....                  (no boots)
Stlth    +.........             C - amulet of the gourmand
HPRegen  0.20/turn              v - ring of resist corrosion
MPRegen  0.11/turn              y - ring of stealth

@: no status effects
A: retaliatory headbutt, horns 2
a: Curse Item, Renounce Religion


You were on level 6 of the Dungeon.
You worshipped Ashenzari.
Ashenzari was noncommittal.
You were not hungry.

You visited 2 branches of the dungeon, and saw 7 of its levels.

You collected 327 gold pieces.

Inventory:

Hand Weapons
 a - a +0 falchion (weapon)
Missiles
 e - 5 boomerangs of dispersal (quivered)
Armour
 b - a +0 leather armour
 o - a +0 ring mail (worn)
 A - a +0 pair of gloves (worn)
Jewellery
 i - an uncursed amulet of faith
 v - a ring of resist corrosion (left hand)
 y - a ring of stealth (right hand)
 C - an amulet of the gourmand (around neck)
Wands
 w - a wand of paralysis (8)
 z - a wand of disintegration (14)
 B - a wand of digging (5)
Scrolls
 d - 4 scrolls of blinking
 g - a scroll of random uselessness {unknown}
 h - 3 scrolls of magic mapping {unknown}
 j - 7 scrolls of teleportation {unknown}
 l - 2 scrolls of immolation {unknown}
 r - 2 scrolls of remove curse
 s - a scroll of noise {unknown}
 t - 3 scrolls of enchant weapon {unknown}
 u - a scroll of identify
 x - a scroll of fear {unknown}
 D - a scroll of amnesia {unknown}
Potions
 c - 3 potions of brilliance
 k - a potion of degeneration {unknown}
 m - 2 potions of heal wounds
 n - a potion of mutation {unknown}
 p - 2 potions of curing
 q - 2 potions of invisibility {unknown}
Comestibles
 f - 3 rations


   Skills:
 - Level 2.4 Fighting
 * Level 8.4 Long Blades
 - Level 1.0 Throwing
 * Level 7.3 Armour
 - Level 2.1 Dodging
 - Level 1.3 Spellcasting
 + Level 0.5 Charms
 * Level 3.2 Translocations


You had 7 spell levels left.
You knew the following spells:

 Your Spells              Type           Power        Failure   Level  Hunger
a - Shroud of Golubria    Chrm/Tloc      #.....       34%         2    ###....

Your spell library contained the following spells:

 Spells                   Type           Power        Failure   Level  Hunger
 Blink                    Tloc           N/A          19%         2    ###....
 Gell's Gravitas          Tloc           #.........   36%         3    ####...
 Lesser Beckoning         Tloc           #.........   36%         3    ####...
 Teleport Other           Tloc           #.......     36%         3    ####...
 Passage of Golubria      Tloc           N/A          77%         4    #####..


Dungeon Overview and Level Annotations

Branches:
Dungeon (6/15)             Temple (1/1) D:5

Altars:
Ashenzari
Cheibriados
Dithmenos
Elyvilon
Fedhas
Gozag
Hepliaklqana
Kikubaaqudgha
Makhleb
Nemelex Xobeh
Okawaru
Qazlal
Ru
Sif Muna
Uskayaw
Vehumet
Wu Jian
Xom
Yredelemnul
The Shining One


Innate Abilities, Weirdness & Mutations

You reflexively headbutt those who attack you in melee.
You have a pair of horns on your head.


Message History

The orc priest casts a cantrip, but nothing happens.
There is a stone staircase leading down here.
You feel much better. The orc barely misses you.
You riposte.
You hit the orc but do no damage. You headbutt the orc.
You kill the orc!
You hit the scorpion.
The scorpion is lightly wounded.
The scorpion stings you but does no damage.
You see here a bullfrog skeleton.
You see here 13 bolts.
The orc priest invokes the aid of Beogh against you.
Beogh smites you!
The orc priest looks encouraged for a moment.
The scorpion stings you.
There is a stone staircase leading up here.
The scorpion stings you!
* * * LOW HITPOINT WARNING * * *
The orc priest mumbles some strange prayers to Beogh against you.
Beogh smites you!
You die...

.............##
.............+
..........o..#
.........)...#
...###.......########
...# #.......o......#
...# #..............#
...# #.........s....#
...# #..........@...#
#### #######........#
#.<......# #........#
#........# #........#
#........# ##########


You could see an orc warrior, a scorpion and an orc priest.

Vanquished Creatures
  Sigmund (D:6)
  An ogre (D:4)
  2 centaurs (D:5)
  A bullfrog (D:6)
  2 scorpions (D:5)
  A crimson imp (D:5)
  A centaur skeleton (D:5)
  2 orc priests (D:5)
  A hound (D:5)
  An iguana (D:4)
  3 orc wizards
  3 worker ants
  A hound skeleton (D:5)
  11 adders
  3 gnolls (D:2)
  6 worms
  5 dart slugs
  2 leopard geckos
  6 orcs
  8 bats
  7 giant cockroaches
  6 hobgoblins
  9 jackals
  10 kobolds
  3 quokkas
  4 ball pythons
  7 frilled lizards
  16 goblins
  A jackal skeleton (D:4)
  A leopard gecko skeleton (D:5)
  8 rats
133 creatures vanquished.

Notes
Turn   | Place    | Note
-------+----------+-------------------------------------------
     0 | D:1      | BeastOfSaturn the Minotaur Warper began the quest for the
                  | Orb.
     0 | D:1      | Reached XP level 1. HP: 18/18 MP: 1/1
   102 | D:1      | Reached skill level 3 in Long Blades
   104 | D:1      | Reached XP level 2. HP: 15/25 MP: 3/3
   112 | D:1      | Learned a level 2 spell: Shroud of Golubria
   438 | D:1      | Reached XP level 3. HP: 8/30 MP: 1/4
  1267 | D:2      | Reached skill level 4 in Long Blades
  1549 | D:2      | Reached XP level 4. HP: 23/37 MP: 5/5
  2687 | D:3      | Reached XP level 5. HP: 38/42 MP: 6/6
  3112 | D:3      | Found a shimmering blue altar of Sif Muna,
  3112 | D:3      | Found a stormy altar of Qazlal,
  3180 | D:3      | Reached skill level 5 in Long Blades
  3832 | D:4      | Found a shadowy altar of Dithmenos,
  3904 | D:4      | Noticed an ogre
  3922 | D:4      | Killed an ogre
  3922 | D:4      | Reached XP level 6. HP: 19/50 MP: 7/7
  4159 | D:4      | Reached skill level 6 in Long Blades
  4737 | D:5      | Entered Level 5 of the Dungeon
  4740 | D:4      | Upgraded the game from 0.25-a0-696-g42a9e46d90 to
                  | 0.25-a0-697-g890751e744
  4806 | D:5      | Reached skill level 5 in Armour
  5270 | D:5      | Reached XP level 7. HP: 51/56 MP: 8/8
  5451 | D:5      | Reached skill level 7 in Long Blades
  5716 | D:5      | Found a staircase to the Ecumenical Temple,
  5731 | Temple   | Entered the Ecumenical Temple
  5814 | Temple   | Became a worshipper of Ashenzari the Shackled
  6545 | D:6      | Noticed Sigmund
  6565 | D:6      | Killed Sigmund
  6565 | D:6      | Reached skill level 8 in Long Blades
  6565 | D:6      | Reached XP level 8. HP: 30/62 MP: 9/9
  6827 | D:6      | Killed from afar by an orc priest

Levels and vault maps discovered:
D:1:      lightli_arrival_noodles, layout_basic, kennysheep_decorative_pillar,
          minmay_small_reverse_x
D:2:      layout_loops_ring
D:3:      layout_loops_cross, amethyst_overflow_temple_binary
D:4:      layout_cave_pods, grunt_dithmenos_smoke_and_mirrors
D:5:      layout_basic, minmay_temple_entry_statues_pillars, first_ration
D:6:      layout_basic, uniq_sigmund, uniq_edmund
Temple:   regret_index_temple_mists

Skill      XL: |  1  2  3  4  5  6  7 |
---------------+----------------------+-----
Long Blades    | 3 4 5 6 8 |  8.4
Armour         | 2 3 4 5 7 |  7.3
Translocations | 3 |  3.2
Fighting       | |  2.4
Throwing       | |  1.0
Dodging        | |  2.1
Spellcasting   | |  1.3
Charms         | |  0.5

Action                   |  1- 3 |  4- 6 |  7- 9 || total
-------------------------+-------+-------+-------++-------
Melee: Falchion          |   100 |   230 |   101 ||   431
       Headbutt          |    11 |    24 |    22 ||    57
  Use: Scroll            |     1 |     3 |       ||     4
       Potion            |       |       |     2 ||     2
  Eat: Ration            |     1 |     2 |     1 ||     4
       Chunk             |       |     6 |     5 ||    11
Armor: Leather armour    |    12 |       |       ||    12
       Ring mail         |    14 |    74 |    28 ||   116
Dodge: Dodged            |    50 |   129 |    62 ||   241
       Rpst.: Falchion   |    19 |    31 |    11 ||    61

Table legend:
 A = Non-vault XP
 B = Vault XP
 C = Vault XP percentage of total XP
 D = Non-vault monster count
 E = Vault monster count
 F = Vault count percentage of total count
                 A         B        C        D         E       F
            +---------+---------+-------+---------+---------+-------
      Total |    1452 |     231 |  13.7 |     128 |       5 |   3.8
            +---------+---------+-------+---------+---------+-------
        D:1 |      46 |       8 |  14.8 |      27 |       4 |  12.9
        D:2 |     112 |       0 |   0.0 |      28 |       0 |   0.0
        D:3 |     189 |       0 |   0.0 |      36 |       0 |   0.0
        D:4 |     190 |       0 |   0.0 |       9 |       0 |   0.0
        D:5 |     774 |       0 |   0.0 |      23 |       0 |   0.0
        D:6 |     141 |     223 |  61.3 |       5 |       1 |  16.7
            +---------+---------+-------+---------+---------+-------
